 Dungeon Crawl Stone Soup version 0.30-a0-715-gdb4ae3ece1 (webtiles) character file.

Game seed: 3953760792998900275

45 Shayle the Poker (level 3, -1/29 HPs)
             Began as a Demigod Reaver on Jan 24, 2023.
             Slain by a gnoll
             ... wielding a +0 whip
              (5 damage)
             ... on level 2 of the Dungeon.
             The game lasted 00:05:18 (1310 turns).

Shayle the Poker (Demigod Reaver)                   Turns: 1310, Time: 00:05:19

Health: -1/29      AC:  3    Str: 11 (13) XL:     3   Next: 25%
Magic:  8/8        EV: 16    Int: 19      God:
Gold:   45         SH:  0    Dex: 10 (12) Spells: 4/5 levels left

rFire   . . .      SeeInvis +    a - +0 spear
rCold   . . .      Faith    .    (no shield)
rNeg    . . .      Spirit   .    b - +0 leather armour
rPois   .          Reflect  .    (no helmet)
rElec   .          Harm     .    (no cloak)
rCorr   .          Rampage  .    (no gloves)
Will    .....                    (no boots)
Stlth   +                        (no amulet)
HPRegen 0.24/turn                c - +5 ring of evasion
MPRegen 0.11/turn                i - ring of see invisible

@: no status effects
A: high MP 1, forlorn, divine attributes
a: no special abilities


You were on level 2 of the Dungeon.
You visited 1 branch of the dungeon, and saw 2 of its levels.

You collected 45 gold pieces.

Inventory:

Hand Weapons
 a - a +0 spear (weapon)
Missiles
 f - 2 atropa-tipped darts
Armour
 b - a +0 leather armour (worn)
Jewellery
 c - a +5 ring of evasion (left hand)
 i - a ring of see invisible (right hand)
Scrolls
 d - a scroll of immolation {unknown}
 g - a scroll of enchant weapon {unknown}
 h - a scroll of magic mapping {unknown}
 j - a scroll of fear {unknown}
 l - a scroll of teleportation {unknown}
 n - 2 scrolls of identify {unknown}
Potions
 e - a potion of flight {unknown}
 k - a potion of might {unknown}
 m - a potion of mutation {unknown}


   Skills:
 + Level 2.2 Fighting
 + Level 3.1 Polearms
 + Level 2.3 Dodging
 + Level 1.2 Stealth
 - Level 1.7 Spellcasting
 - Level 2.6 Conjurations


You had 4 spell levels left.
You knew the following spells:

 Your Spells              Type           Power      Damage    Failure   Level
a - Kiss of Death         Conj/Necr      24%        2d7       13%         1

Your spell library contained the following spells:

 Spells                   Type           Power      Damage    Failure   Level
 Momentum Strike          Conj/Tloc      12%        3d8       21%         2
 Ensorcelled Hibernation  Hex/Ice        2%         N/A       34%         2
 Passwall                 Tmut/Erth      0%         N/A       34%         2
 Hailstorm                Conj/Ice       6%         3d4       36%         3
 Swiftness                Air            1%         N/A       56%         3


Dungeon Overview and Level Annotations

Branches:
Dungeon (2/15)


Innate Abilities, Weirdness & Mutations

You have an increased reservoir of magic. (+10% MP)
You shall have no god before yourself.
Your divine heritage dramatically boosts your attributes as you level up.


Message History

You hit the orc but do no damage.
The orc is heavily wounded.
The orc barely misses you.
You hit the orc.
The orc is almost dead.
The orc hits you but does no damage.
You hit the orc.
You kill the orc!
The hobgoblin hits you but does no damage.
Things that are here:
a +0 club; a +0 leather armour; a scroll labelled KULYSE BAWI You hit the hobgoblin.
The hobgoblin is almost dead.
The hobgoblin barely misses you.
You hit the hobgoblin but do no damage.
The hobgoblin is almost dead.
The hobgoblin misses you.
You hit the hobgoblin.
You kill the hobgoblin!
n - 2 scrolls labelled KULYSE BAWI (gained 1)
Things that are here:
a +0 club; a +0 leather armour
Found a stone staircase leading down.
A gnoll comes into view. It is wielding a +0 whip.
A gnoll comes into view. It is wielding a +0 spear.
The gnoll shouts! x2
The gnoll hits you with a +0 whip.
You barely miss the gnoll. The gnoll misses you. The gnoll closely misses you.
You barely miss the gnoll.
The gnoll hits you from afar with a +0 spear.
The gnoll closely misses you.
You hit the gnoll but do no damage. The gnoll hits you with a +0 whip.
The gnoll hits you from afar with a +0 spear.
You hit the gnoll but do no damage. The gnoll hits you but does no damage.
The gnoll hits you from afar with a +0 spear.
You barely miss the gnoll. The gnoll hits you with a +0 whip.
* * * LOW HITPOINT WARNING * * *
The gnoll misses you. The gnoll attacks as you move away!
The gnoll hits you with a +0 whip.
You die...

#####.# #.....# #.# #@#
#.# #g# #.############
#.# #.#........... #g#
#.#.###....... #.#
#.#.# #....... ######.#
#.#.# #.......
#....#.###.#.###.......
#...>..........+.......
#......###.#.###.......


You could see 2 gnolls.

Vanquished Creatures
  An adder (D:2)
  A worm (D:2)
  An orc (D:2)
  2 endoplasms
  3 goblins (D:1)
  2 hobgoblins
  2 quokkas
  A ball python (D:1)
  3 bats (D:1)
  3 frilled lizards
  6 kobolds
  7 rats
32 creatures vanquished.

Notes
Turn   | Place    | Note
-------+----------+-------------------------------------------
     0 | D:1      | Shayle the Demigod Reaver began the quest for the Orb.
     0 | D:1      | Reached XP level 1. HP: 17/17 MP: 5/5
   291 | D:1      | Reached XP level 2. HP: 23/24 MP: 7/7
   878 | D:1      | Reached skill level 1 in Stealth
   879 | D:1      | Reached skill level 3 in Polearms
  1099 | D:2      | Reached XP level 3. HP: 12/29 MP: 8/8
  1310 | D:2      | Slain by a gnoll

Illustrated notes

Levels and vault maps discovered:
D:1:      scummos_arrival_checkerplants, layout_basic, serial_bayou_pond_d,
          minmay_pentomino_p2
D:2:      layout_basic

Skill      XL: |  1  2 |
---------------+-------+-----
Fighting       | 2 |  2.2
Dodging        | 2 |  2.3
Stealth        | 1 |  1.2
Polearms       | 3 |  3.1
Spellcasting   | |  1.7
Conjurations   | |  2.6

Action                     || total
---------------------------++-------
  Melee: Spear             ||   124
         Punch             ||     2
   Cast: Kiss of Death     ||     1
    Use: Potion            ||     1
 Armour: Leather armour    ||    20
  Dodge: Dodged            ||    81

Table legend: (Time is in decaauts)
 A = Elapsed time spent in this place.
 B = Non-inter-level travel time spent in this place.
 C = Inter-level travel time spent in this place.
 D = Time resting spent in this place.
 E = Time spent auto-exploring this place.
 F = Levels seen in this place.
 G = Mean time per level.
                   A        B        C        D        E       F      G
               +--------+--------+--------+--------+--------+-----+--------+
         Total |   1302 |   1285 |     17 |     65 |    906 |   2 |  651.0 |
       Dungeon |   1302 |   1285 |     17 |     65 |    906 |   2 |  651.0 |
               +--------+--------+--------+--------+--------+-----+--------+

Top non-repeatable levels by time:
     D:1: 912 daAuts
     D:2: 389 daAuts
